TOP OF THE 1ST |
Springfield Stars batting - Pitching for Portland Cards : RHP Miguel Ortíz
|
Pitching: RHP Miguel Ortíz
|
|
Batting: RHB Norberto Taváres
|
0-0: Called Strike 0-1: Ball 1-1: Fly out, F8 (Flyball, 8RM)
|
Batting: LHB Jesús Tobías
|
0-0: Called Strike 0-1: DOUBLE (Flyball, 89D)
|
Batting: LHB Derek Davidson
|
0-0: Called Strike 0-1: Ball 1-1: Foul Ball, location: 2F 1-2: Fly out, F9 (Flyball, 9)
|
Batting: LHB Felipe Guerrero
|
0-0: Ground out 2-3 (Groundball, 2R)
|
Top of the 1st over - 0 runs, 1 hit, 0 errors, 1 left on base; Springfield 0 - Portland 0 |
BOTTOM OF THE 1ST |
Portland Cards batting - Pitching for Springfield Stars : LHP Marcos Flores
|
Pitching: LHP Marcos Flores
|
|
Batting: RHB Carlos Sánchez
|
0-0: Called Strike 0-1: Called Strike 0-2: DOUBLE (Line Drive, 7D)
|
Batting: LHB Leonardo Medina
|
0-0: Ball 1-0: Ball 2-0: Called Strike 2-1: Foul Ball, location: 2F 2-2: Fly out, F8 (Flyball, 8RM)
|
Batting: LHB Paul Mullins
|
0-0: Ball 1-0: Ball 2-0: Called Strike 2-1: SINGLE (Flyball, 7LM) Carlos Sánchez to third Throwing error, E7 Carlos Sánchez scores Paul Mullins to second
|
Batting: SHB Giancarlo Giannini
|
0-0: Fly out, F3 (Popup, 3S)
|
Batting: RHB Peter Hensley
|
0-0: Fly out, F8 (Flyball, 8LS)
|
Bottom of the 1st over - 1 run, 2 hits, 1 error, 1 left on base; Springfield 0 - Portland 1 |
TOP OF THE 2ND |
Springfield Stars batting - Pitching for Portland Cards : RHP Miguel Ortíz
|
Batting: LHB Elliott Newell
|
0-0: Ball 1-0: Ground out 5-3 (Groundball, 5)
|
Batting: RHB Calvin Bennett
|
0-0: Ball 1-0: Ball 2-0: Fly out, F9 (Flyball, 9LDF)
|
Batting: SHB António De La Cruz
|
0-0: Fly out, F7 (Flyball, 7S)
|
Top of the 2nd over - 0 runs, 0 hits, 0 errors, 0 left on base; Springfield 0 - Portland 1 |
BOTTOM OF THE 2ND |
Portland Cards batting - Pitching for Springfield Stars : LHP Marcos Flores
|
Batting: RHB Aaron Scott
|
0-0: Called Strike 0-1: Ball 1-1: Swinging Strike 1-2: Ball 2-2: Hit by Pitch
|
Batting: RHB Norm Francis
|
0-0: Ball 1-0: Swinging Strike 1-1: Ball 2-1: Called Strike 2-2: SINGLE (Groundball, 3D) Aaron Scott to second Runner from 2nd tries for 3rd, SAFE, no throw
|
Pinch Runner at 3rd Caleb Hall:
|
|
Batting: RHB Bonifacio Torres
|
0-0: Ball Norm Francis is caught stealing 2nd base 1-0: Ball 2-0: Fly out, F8 (Flyball, 8RXD) Runner from 3rd tags up, SCORES, no throw
|
Batting: LHB Joel Nelson
|
0-0: Swinging Strike 0-1: Swinging Strike 0-2: Ball 1-2: Foul Ball, location: 2F 1-2: Fly out, F8 (Flyball, 89D)
|
Bottom of the 2nd over - 1 run, 1 hit, 0 errors, 0 left on base; Springfield 0 - Portland 2 |
TOP OF THE 3RD |
Springfield Stars batting - Pitching for Portland Cards : RHP Miguel Ortíz
|
Now at 3B: Caleb Hall
|
|
Batting: LHB Mike Pearson
|
0-0: Ball 1-0: Foul Ball, location: 2F 1-1: Ball 2-1: SINGLE (Line Drive, 34D)
|
Batting: RHB Juan Carlos Rodríguez
|
0-0: Ball 1-0: Ball 2-0: Called Strike 2-1: Ball 3-1: Base on Balls Mike Pearson to second
|
Batting: RHB Norberto Taváres
|
0-0: Called Strike 0-1: Ball 1-1: Foul Ball, location: 2F 1-2: Strikes out swinging
|
Batting: LHB Jesús Tobías
|
0-0: Ball 1-0: Foul Ball, location: 2F 1-1: Swinging Strike 1-2: Ball 2-2: Ball 3-2: Foul Ball, location: 2F 3-2: Foul Ball, location: 2F 3-2: Foul Ball, location: 2F 3-2: Foul Ball, location: 2F 3-2: Fielders Choice at 2nd, 3-6 (Groundball, 3) Mike Pearson to third
|
Batting: LHB Derek Davidson
|
0-0: Foul Ball, location: 2F 0-1: Foul Ball, location: 2F 0-2: Ball 1-2: Strikes out swinging
|
Top of the 3rd over - 0 runs, 1 hit, 0 errors, 2 left on base; Springfield 0 - Portland 2 |
BOTTOM OF THE 3RD |
Portland Cards batting - Pitching for Springfield Stars : LHP Marcos Flores
|
Batting: RHB Carlos Sánchez
|
0-0: Ball 1-0: Swinging Strike 1-1: Ball 2-1: Ball 3-1: SINGLE (Groundball, 6MD)
|
Batting: LHB Leonardo Medina
|
0-0: Ball Carlos Sánchez steals 2nd base 1-0: Ball 2-0: Ball 3-0: Base on Balls
|
Batting: LHB Paul Mullins
|
0-0: Called Strike 0-1: Grounds into double play, 4-6-3 (Groundball, 4) Carlos Sánchez to third
|
Batting: SHB Giancarlo Giannini
|
0-0: Called Strike 0-1: Ball 1-1: Ball 2-1: 2-RUN HOME RUN (Flyball, 9LD), Distance : 321 ft
|
Batting: RHB Peter Hensley
|
0-0: Ball 1-0: Swinging Strike 1-1: Ball 2-1: Foul Ball, location: 2F 2-2: Ball 3-2: Strikes out looking
|
Bottom of the 3rd over - 2 runs, 2 hits, 0 errors, 0 left on base; Springfield 0 - Portland 4 |
TOP OF THE 4TH |
Springfield Stars batting - Pitching for Portland Cards : RHP Miguel Ortíz
|
Batting: LHB Felipe Guerrero
|
0-0: Swinging Strike 0-1: Ground out 6-3 (Groundball, 6D)
|
Batting: LHB Elliott Newell
|
0-0: Ball 1-0: Foul Ball, location: 2F 1-1: Fly out, F5 (Popup, 5)
|
Batting: RHB Calvin Bennett
|
0-0: Ball 1-0: Ball 2-0: Ball 3-0: Called Strike 3-1: Called Strike 3-2: Base on Balls
|
Batting: SHB António De La Cruz
|
0-0: Ball Balk! Calvin Bennett to second 1-0: Swinging Strike 1-1: Ground out 4-3 (Groundball, 4S)
|
Top of the 4th over - 0 runs, 0 hits, 0 errors, 1 left on base; Springfield 0 - Portland 4 |
BOTTOM OF THE 4TH |
Portland Cards batting - Pitching for Springfield Stars : LHP Marcos Flores
|
Batting: LHB Caleb Hall
|
0-0: Called Strike 0-1: Fly out, F4 (Line Drive, 4)
|
Batting: RHB Norm Francis
|
0-0: Foul Ball, location: 2F 0-1: Ball 1-1: Ball 2-1: Ball 3-1: Fly out, F7 (Flyball, 7LSF)
|
Batting: RHB Bonifacio Torres
|
0-0: Called Strike 0-1: Called Strike 0-2: Ball 1-2: Ball 2-2: Fly out, F9 (Line Drive, 89M)
|
Bottom of the 4th over - 0 runs, 0 hits, 0 errors, 0 left on base; Springfield 0 - Portland 4 |
TOP OF THE 5TH |
Springfield Stars batting - Pitching for Portland Cards : RHP Miguel Ortíz
|
Batting: LHB Mike Pearson
|
0-0: SOLO HOME RUN (Flyball, 7LD), Distance : 339 ft
|
Batting: RHB Juan Carlos Rodríguez
|
0-0: Foul Ball, location: 2F 0-1: Ball 1-1: Foul Ball, location: 2F 1-2: Foul Ball, location: 2F 1-2: Foul Ball, location: 2F 1-2: SINGLE (Line Drive, 6D)
|
Batting: RHB Norberto Taváres
|
0-0: Ball 1-0: Called Strike 1-1: Ball 2-1: Foul Ball, location: 2F 2-2: SINGLE (Groundball, 6MD) Juan Carlos Rodríguez to second Runner from 2nd tries for 3rd, SAFE, no throw
|
Batting: LHB Jesús Tobías
|
0-0: Called Strike 0-1: Called Strike 0-2: Ball 1-2: Ball 2-2: Fly out, F8 (Flyball, 8LS) Runner from 3rd tags up, SCORES, throw made
|
Batting: LHB Derek Davidson
|
0-0: Called Strike 0-1: Fly out, F9 (Flyball, 9S)
|
Batting: LHB Felipe Guerrero
|
0-0: Called Strike 0-1: Ball 1-1: Ball 2-1: SINGLE (Groundball, 4) (infield hit) Norberto Taváres to second
|
Batting: LHB Elliott Newell
|
0-0: Called Strike 0-1: Foul Ball, location: 2F 0-2: Fly out, F7 (Flyball, 7)
|
Top of the 5th over - 2 runs, 4 hits, 0 errors, 2 left on base; Springfield 2 - Portland 4 |
BOTTOM OF THE 5TH |
Portland Cards batting - Pitching for Springfield Stars : LHP Marcos Flores
|
Batting: LHB Joel Nelson
|
0-0: Called Strike 0-1: Ball 1-1: Ball 2-1: Ground out 6-3 (Groundball, 6)
|
Batting: RHB Carlos Sánchez
|
0-0: Called Strike 0-1: Swinging Strike 0-2: Ball 1-2: Strikes out swinging
|
Batting: LHB Leonardo Medina
|
0-0: Called Strike 0-1: Swinging Strike 0-2: Ground out 5-3 (Groundball, 5)
|
Bottom of the 5th over - 0 runs, 0 hits, 0 errors, 0 left on base; Springfield 2 - Portland 4 |
TOP OF THE 6TH |
Springfield Stars batting - Pitching for Portland Cards : RHP Miguel Ortíz
|
Batting: RHB Calvin Bennett
|
0-0: Ball 1-0: Ball 2-0: Ball 3-0: Base on Balls
|
Pitching: RHP Eusébio Lagarto
|
|
Batting: SHB António De La Cruz
|
0-0: Ball 1-0: Called Strike Calvin Bennett steals 2nd base 1-1: Ground out U3 (Groundball, 3L) Calvin Bennett to third
|
Batting: LHB Mike Pearson
|
0-0: Ball 1-0: Ball 2-0: Called Strike 2-1: Foul Ball, location: 2F 2-2: Ball 3-2: Strikes out looking
|
Batting: RHB Juan Carlos Rodríguez
|
0-0: Called Strike 0-1: Foul Ball, location: 2F 0-2: Fly out, F8 (Flyball, 8LM)
|
Top of the 6th over - 0 runs, 0 hits, 0 errors, 1 left on base; Springfield 2 - Portland 4 |
BOTTOM OF THE 6TH |
Portland Cards batting - Pitching for Springfield Stars : LHP Marcos Flores
|
Batting: LHB Paul Mullins
|
0-0: Ball 1-0: SINGLE (Groundball, 6MD)
|
Batting: SHB Giancarlo Giannini
|
0-0: Fielders Choice at 2nd, 4-6 (Groundball, 34)
|
Batting: RHB Peter Hensley
|
0-0: Ball 1-0: Ball 2-0: Ground out 5-3 (Groundball, 56S) Giancarlo Giannini to second
|
Batting: LHB Caleb Hall
|
0-0: SINGLE (Groundball, 4D) Giancarlo Giannini to third Runner from 3rd tries for Home, SAFE, no throw
|
Pitching: LHP Valentín Reséndez
|
|
Batting: RHB Norm Francis
|
0-0: Called Strike 0-1: Foul Ball, location: 2F 0-2: Strikes out swinging
|
Bottom of the 6th over - 1 run, 2 hits, 0 errors, 1 left on base; Springfield 2 - Portland 5 |
TOP OF THE 7TH |
Springfield Stars batting - Pitching for Portland Cards : RHP Eusébio Lagarto
|
Batting: RHB Norberto Taváres
|
0-0: Ball 1-0: Foul Ball, location: 2F 1-1: Foul Ball, location: 2F 1-2: Ball 2-2: Foul Ball, location: 2F 2-2: Ball 3-2: Fly out, F8 (Flyball, 8RD)
|
Batting: LHB Jesús Tobías
|
0-0: Foul Ball, location: 2F 0-1: Swinging Strike 0-2: Foul Ball, location: 2F 0-2: Ball 1-2: Fly out, F3 (Popup, 3F)
|
Batting: LHB Derek Davidson
|
0-0: Ball 1-0: Ball 2-0: Swinging Strike 2-1: Swinging Strike 2-2: Strikes out swinging
|
Top of the 7th over - 0 runs, 0 hits, 0 errors, 0 left on base; Springfield 2 - Portland 5 |
BOTTOM OF THE 7TH |
Portland Cards batting - Pitching for Springfield Stars : LHP Valentín Reséndez
|
Batting: RHB Bonifacio Torres
|
0-0: Ground out 6-3 (Groundball, 6)
|
Batting: LHB Joel Nelson
|
0-0: Called Strike 0-1: SINGLE (Groundball, 4MD)
|
Batting: RHB Carlos Sánchez
|
0-0: Ball 1-0: Ball 2-0: Grounds into double play, 5-4-3 (Groundball, 56)
|
Bottom of the 7th over - 0 runs, 1 hit, 0 errors, 0 left on base; Springfield 2 - Portland 5 |
TOP OF THE 8TH |
Springfield Stars batting - Pitching for Portland Cards : RHP Eusébio Lagarto
|
Batting: LHB Felipe Guerrero
|
0-0: Called Strike 0-1: Ball 1-1: Ball 2-1: Fly out, F7 (Flyball, 78M)
|
Batting: LHB Elliott Newell
|
0-0: Called Strike 0-1: Called Strike 0-2: Ball 1-2: Foul Ball, location: 2F 1-2: Strikes out swinging
|
Batting: RHB Calvin Bennett
|
0-0: Ball 1-0: Ball 2-0: Ball 3-0: Base on Balls
|
Batting: SHB António De La Cruz
|
0-0: Foul Ball, location: 2F 0-1: Ball 1-1: Ball 2-1: Fly out, F1 (Line Drive, 13S)
|
Top of the 8th over - 0 runs, 0 hits, 0 errors, 1 left on base; Springfield 2 - Portland 5 |
BOTTOM OF THE 8TH |
Portland Cards batting - Pitching for Springfield Stars : LHP Valentín Reséndez
|
Batting: LHB Leonardo Medina
|
0-0: Called Strike 0-1: Foul Ball, location: 2F 0-2: Strikes out swinging
|
Batting: LHB Paul Mullins
|
0-0: Called Strike 0-1: Swinging Strike 0-2: Ball 1-2: Foul Ball, location: 2F 1-2: Strikes out swinging
|
Batting: SHB Giancarlo Giannini
|
0-0: Ball 1-0: Ground out 1-3 (Groundball, 15S)
|
Bottom of the 8th over - 0 runs, 0 hits, 0 errors, 0 left on base; Springfield 2 - Portland 5 |
TOP OF THE 9TH |
Springfield Stars batting - Pitching for Portland Cards : RHP Eusébio Lagarto
|
Pitching: LHP Allan Bader
|
|
Batting: LHB Mike Pearson
|
0-0: Ball 1-0: Called Strike 1-1: Fly out, F9 (Flyball, 89D)
|
Batting: RHB Juan Carlos Rodríguez
|
0-0: Called Strike 0-1: Ball 1-1: Foul Ball, location: 2F 1-2: Strikes out swinging
|
Batting: RHB Norberto Taváres
|
0-0: Ball 1-0: Called Strike 1-1: Ball 2-1: Swinging Strike 2-2: Ball 3-2: Strikes out swinging
|
Top of the 9th over - 0 runs, 0 hits, 0 errors, 0 left on base; Springfield 2 - Portland 5 |
|